Map: Misty Swamp

Players

Metasapien - Winner!

  • Race: Zerg Zerg
  • League: Platinum
  • Spawn Location: 9:00

Crimzon - Winner!

  • Race: Terran Terran
  • Spawn Location: 9:00

Destructor - Winner!

  • Race: Zerg Zerg
  • League: Gold
  • Spawn Location: 12:00

Legend

  • Race: Terran Terran
  • Spawn Location: 3:00

purpletaco

  • Race: Protoss Protoss
  • League: Gold
  • Spawn Location: 3:00

TheChosenTwo

  • Race: Zerg Zerg
  • Spawn Location: 12:00

VOD

Have the link to the VOD?

Description

Time

  • Played on: Sept. 18, 2017, 6:52 p.m.
  • Length: 19:52
Show
View Real Time Build Order
Export as new Build Order

Metasapien Zerg - Winner!

Build Orders: Pool First 

Get SALT Encoding   

  12  0:20  Spawning Pool  
  11  0:24  Drone  
  11  0:28  Drone  
  13  0:38  Drone  
  13  0:42  Drone, Extractor  
  14  0:49  Overlord  
  14  1:09  Drone x2  
  16  1:19  Drone  
  17  1:30  Drone  
  18  1:42  Drone, Hatchery  
  18  1:53  Drone  
  19  1:58  Metabolic Boost  
  19  2:02  Zergling x2  
  20  2:12  Drone  
  21  2:26  Hatchery  
  21  2:29  Drone  
  21  2:41  Overlord  
  21  2:53  Queen  
  21  2:58  Drone x2, Extractor  
  24  3:05  Queen  
  26  3:09  Drone  
  26  3:11  Drone  
  28  3:19  Drone  
  29  3:26  Overlord  
  28  3:35  Zergling x6  
  28  3:38  Drone  
  32  3:52  Roach Warren  
  32  3:53  Drone  
  32  3:54  Drone  
  33  4:14  Drone x3  
  33  4:15  Drone  
  33  4:16  Drone x2  
  39  4:18  Queen  
  41  4:25  Drone x2  
  41  4:26  Drone  
  41  4:30  Overlord  
  44  4:35  Overlord  
  44  4:39  Drone x2  
  44  4:42  Drone  
  44  4:45  Drone x2  
  49  4:50  Drone  
  50  4:56  Lair  
  50  5:03  Drone  
  50  5:04  Drone x3  
  54  5:13  Evolution Chamber  
  53  5:15  Evolution Chamber  
  52  5:24  Zergling x4  
  52  5:27  Drone  
  52  5:28  Drone  
  56  5:30  Extractor  
  56  5:31  Extractor  
  56  5:33  Extractor  
  56  5:34  Extractor  
  56  5:35  Drone x3  
  55  5:39  Drone x3  
  55  5:40  Drone  
  55  5:41  Overlord x3  
  59  5:46  Zerg Missile Weapons Level 1  
  59  5:47  Zerg Ground Armor Level 1  
  60  5:50  Drone x2  
  60  5:53  Overseer  
  61  6:00  Drone  
  61  6:01  Drone x2  
  61  6:03  Drone x3  
  68  6:04  Drone x2  
  68  6:08  Queen  
  71  6:13  Roach x4  
  71  6:14  Roach x2  
  71  6:15  Hatchery  
  82  6:24  Glial Reconstitution  
  82  6:26  Hydralisk Den  
  82  6:29  Infestation Pit  
  80  6:33  Drone  
  81  6:42  Nydus Network  
  80  6:50  Drone x2  
  80  6:53  Drone x2  
  80  6:54  Drone x2  
  86  6:56  Hydralisk x2  
  86  6:58  Overlord  
  86  6:59  Overlord x2  
  90  7:07  Hive  
  90  7:08  Pneumatized Carapace  
  90  7:13  Muscular Augments  
  90  7:26  Extractor  
  90  7:28  Hydralisk x3  
  90  7:29  Hydralisk x6  
  101  7:30  Hydralisk x5  
  101  7:31  Extractor  
  101  7:33  Spore Crawler  
  115  7:41  Spore Crawler  
  114  7:44  Drone  
  114  7:47  Queen  
  114  7:49  Drone  
  114  7:50  Drone x2  
  120  7:54  Overlord x5  
  120  7:57  Overlord  
  120  8:01  Zerg Missile Weapons Level 2  
  120  8:05  Zerg Ground Armor Level 2  
  120  8:12  Drone  
  121  8:19  Hydralisk  
  121  8:20  Hydralisk x4  
  121  8:22  Spore Crawler  
  121  8:24  Overseer  
  130  8:50  Drone x3  
  130  8:51  Overlord x2  
  130  8:52  Overlord x5  
  133  8:58  Overseer  
  133  9:00  Lair  
  133  9:04  Burrow  
  133  9:05  Infestor x3  
  133  9:06  Infestor  
  133  9:08  Roach  
  133  9:09  Roach x3  
  149  9:25  Hydralisk  
  149  9:26  Hydralisk x2, Roach x7  
  169  9:42  Hydralisk x2  
  169  9:43  Roach x3  
  179  10:18  Nydus Canal  
  179  10:28  Hydralisk  
  179  10:29  Roach x2, Hydralisk x4  
  179  10:30  Roach x3  
  172  11:02  Overlord  
  172  11:03  Overlord x2  
  166  11:11  Queen x3  
  164  11:18  Pathogen Glands  
  170  11:20  Zerg Missile Weapons Level 3  
  170  11:25  Spire  
  169  11:27  Ultralisk Cavern  
  169  11:30  Drone x2  
  169  11:31  Drone x3  
  173  11:56  Hatchery  
  173  11:59  Spore Crawler  
  173  12:00  Zerg Ground Armor Level 3  
  171  12:14  Drone  
  171  12:15  Drone x2  
  90  12:54  Hydralisk x2  
  90  12:55  Roach x4, Hydralisk x6  
  90  12:56  Roach x6, Hydralisk x5  
  90  12:57  Hydralisk x2, Roach x5  
  90  12:58  Roach x2  
  148  13:29  Nydus Canal  
  148  13:35  Drone x3  
  151  13:48  Nydus Canal  
  151  13:49  Tunneling Claws  
  163  13:55  Ultralisk x2  
  163  13:56  Ultralisk x2  
  163  13:58  Hydralisk x7  
  163  13:59  Swarm Host x3  
  198  14:03  Adrenal Glands  
  194  14:49  Hydralisk x2  
  194  14:50  Roach  
  200  15:32  Zerg Melee Weapons Level 1  
  200  15:54  Extractor  
  199  15:57  Extractor  
  178  16:23  Hydralisk x2  
  178  16:24  Zergling x2, Roach x2  
  178  16:25  Zergling x18  
  183  16:26  Zergling x4  
  180  16:48  Hydralisk x4  
  180  16:49  Roach x6  
  200  17:00  Infestor x2  
  193  17:32  Hatchery  
  193  17:35  Hatchery  
  193  17:36  Hatchery  
  190  18:04  Zergling x8  
  190  18:05  Zergling x10  
  199  18:16  Extractor x2  
  197  18:20  Extractor  
  197  18:21  Extractor  
  197  18:22  Extractor  
Show
View Real Time Build Order
Export as new Build Order

Crimzon Terran - Winner!

Build Orders:  

Get SALT Encoding   

  12  0:02  SCV  
  13  0:16  SCV  
  14  0:32  Supply Depot  
  14  0:34  SCV  
  15  0:48  Supply Depot  
  15  0:53  SCV  
  16  1:06  SCV  
  17  1:12  Barracks  
  17  1:17  Barracks  
  17  1:22  SCV  
  18  1:28  Refinery  
  18  1:31  Refinery  
  18  1:35  SCV  
  20  1:47  SCV  
  20  2:02  Supply Depot  
  20  2:03  SCV  
  20  2:06  Supply Depot  
  21  2:15  SCV  
  22  2:27  SCV, Supply Depot  
  23  2:32  Supply Depot  
  23  2:39  SCV  
  24  2:45  Factory  
  24  2:58  Supply Depot  
  24  2:59  Marine x2  
  26  3:16  Marine x2  
  28  3:32  Command Center  
  25  4:08  Marine x2  
  27  4:12  Factory Tech Lab  
  27  4:17  Starport  
  27  4:24  Starport  
  27  4:35  Siege Tank  
  30  4:52  SCV  
  31  5:00  Fusion Core  
  31  5:03  Starport Tech Lab x2  
  31  5:04  Engineering Bay, SCV  
  32  5:07  Starport  
  32  5:16  SCV  
  33  5:28  SCV  
  34  5:40  SCV  
  35  5:53  SCV  
  35  5:56  Starport Tech Lab  
  36  5:59  Battlecruiser  
  42  6:05  SCV  
  42  6:06  Armory x2  
  43  6:17  SCV  
  44  6:32  Missile Turret x2  
  44  6:41  Missile Turret  
  44  6:42  Missile Turret  
  44  6:44  SCV  
  45  6:49  Weapon Refit  
  45  6:54  Terran Ship Weapons Level 1  
  45  6:56  SCV  
  46  7:02  Missile Turret  
  46  7:05  Refinery  
  46  7:08  SCV  
  46  7:09  Refinery  
  46  7:11  Terran Vehicle And Ship Armor Level 1  
  47  7:20  SCV  
  44  7:48  Battlecruiser  
  50  7:57  SCV  
  51  8:24  Barracks Reactor  
  51  8:32  Command Center  
  51  8:36  SCV  
  51  8:39  Orbital Command  
  52  8:43  Battlecruiser  
  58  8:48  SCV  
  59  9:00  SCV  
  60  9:11  Missile Turret x2  
  60  9:13  SCV  
  61  9:25  Battlecruiser  
  61  9:27  Supply Depot  
  67  9:34  Missile Turret  
  67  9:44  Battlecruiser  
  73  9:46  SCV  
  73  9:49  Supply Depot  
  74  9:58  SCV  
  74  9:59  Refinery  
  75  10:00  Refinery  
  75  10:06  Battlecruiser  
  81  10:09  Terran Vehicle And Ship Armor Level 2  
  81  10:10  SCV  
  82  10:22  SCV  
  83  10:34  SCV  
  90  10:35  Battlecruiser  
  90  10:59  Battlecruiser  
  96  11:11  Terran Ship Weapons Level 2  
  96  11:41  Battlecruiser  
  102  12:00  Battlecruiser  
  108  12:16  Supply Depot  
  108  12:37  Raven  
  108  12:39  Supply Depot  
  110  12:45  Battlecruiser  
  116  13:25  Battlecruiser x2  
  128  14:01  Battlecruiser  
  134  14:04  Supply Depot x2  
  134  14:29  Battlecruiser  
  122  14:45  Battlecruiser  
  128  15:05  Battlecruiser  
  134  15:10  Terran Ship Weapons Level 3  
  134  15:33  Battlecruiser  
Show
View Real Time Build Order
Export as new Build Order

Destructor Zerg - Winner!

Build Orders: Pool First, Lurkers 

Get SALT Encoding   

  12  0:02  Drone  
  13  0:14  Overlord  
  13  0:26  Drone  
  14  0:40  Drone x2  
  16  0:55  Spawning Pool  
  16  0:56  Drone  
  16  1:09  Extractor  
  15  1:19  Hatchery  
  15  1:20  Drone  
  15  1:22  Drone  
  16  1:39  Drone x2  
  18  1:42  Queen  
  20  1:52  Overlord  
  20  1:56  Drone  
  21  2:21  Zergling x4  
  23  2:31  Spine Crawler  
  23  2:34  Drone  
  23  2:36  Queen  
  25  2:54  Lair  
  25  3:02  Overlord  
  25  3:08  Zergling x10  
  25  3:10  Zergling x2  
  25  3:11  Zergling x2  
  32  3:16  Metabolic Boost  
  32  3:25  Spore Crawler  
  32  3:26  Spore Crawler  
  30  3:28  Drone  
  30  3:29  Drone  
  32  3:43  Extractor  
  32  3:47  Drone x3  
  34  3:56  Zergling x6  
  37  4:16  Hydralisk Den  
  36  4:19  Drone x2  
  38  4:25  Overseer  
  38  4:26  Overseer  
  38  4:44  Overlord x3  
  38  4:53  Lurker Den  
  38  5:03  Hydralisk x2  
  42  5:34  Hydralisk x3  
  48  6:05  Hatchery  
  39  6:24  Queen  
  41  6:29  Drone x3  
  44  7:00  Burrow  
  44  7:11  Hatchery  
  43  7:19  Infestation Pit  
  42  7:24  Hydralisk x4  
  50  7:54  Drone x3  
  50  7:57  Evolution Chamber  
  52  8:00  Evolution Chamber  
  51  8:07  Drone  
  51  8:08  Drone x4  
  56  8:20  Muscular Augments  
  56  8:31  Drone x2  
  56  8:32  Drone  
  59  8:44  Hive  
  59  9:01  Drone x5  
  65  9:02  Drone  
  65  9:11  Drone  
  65  9:14  Drone  
  67  9:18  Zerg Ground Armor Level 1, Zerg Missile Weapons Level 1  
  67  9:31  Drone x3  
  70  9:33  Drone x3  
  70  9:36  Extractor  
  72  9:38  Extractor  
  72  9:40  Extractor  
  72  9:42  Extractor  
  69  9:52  Overlord  
  69  9:53  Overlord x2  
  69  9:56  Baneling Nest  
  68  10:12  Lurker  
  68  10:13  Lurker x4  
  73  10:23  Overlord x4  
  73  10:27  Drone x3  
  76  10:38  Drone x3  
  79  10:43  Drone  
  80  10:52  Pneumatized Carapace  
  80  11:03  Lurker x3  
  80  11:04  Lurker  
  84  11:23  Hydralisk x4  
  84  11:24  Hydralisk x5  
  102  11:41  Zerg Ground Armor Level 2  
  102  11:44  Hatchery  
  101  11:48  Overseer  
  101  11:49  Overseer  
  101  12:20  Hydralisk x6  
  101  12:21  Hydralisk x6  
  125  12:38  Overseer  
  95  13:49  Drone  
  95  13:50  Drone x2  
  98  13:57  Zerg Missile Weapons Level 2  
  98  13:58  Zerg Melee Weapons Level 1  
  98  14:00  Extractor  
  98  14:01  Extractor  
  96  14:08  Hydralisk x6  
  96  14:09  Hydralisk x8  
  116  14:10  Hydralisk x4  
  79  15:21  Lair  
  79  15:28  Pathogen Glands, Spawning Pool  
  78  15:33  Queen  
  78  15:34  Queen  
  82  15:36  Drone x3  
  85  15:43  Hatchery  
  85  15:45  Hatchery  
  84  16:02  Infestor x6  
  84  16:03  Infestor x2  
  100  16:25  Neural Parasite  
  90  17:34  Overlord x8  
  90  17:36  Overlord x5  
  90  17:44  Hatchery  
Show
View Real Time Build Order
Export as new Build Order

Legend Terran 

Build Orders: MMM Bio 

Get SALT Encoding   

  12  0:02  SCV  
  13  0:14  SCV  
  14  0:22  Supply Depot  
  14  0:26  SCV  
  15  0:44  SCV  
  15  0:46  Barracks  
  16  0:56  SCV  
  17  1:07  Refinery  
  17  1:09  SCV  
  18  1:25  SCV  
  19  1:35  Marine  
  19  1:39  Supply Depot  
  20  1:41  Command Center  
  20  1:43  SCV  
  21  1:53  Barracks  
  21  2:02  SCV  
  21  2:03  Marine  
  21  2:08  Supply Depot  
  23  2:15  SCV  
  24  2:18  Refinery  
  24  2:24  Marine  
  24  2:29  SCV  
  26  2:37  Factory  
  26  2:43  SCV  
  26  2:44  Marine  
  28  2:53  SCV  
  28  2:56  Barracks Tech Lab  
  29  3:01  SCV  
  30  3:06  Barracks  
  30  3:09  Marine  
  31  3:13  SCV  
  31  3:16  SCV  
  33  3:22  Stimpack  
  33  3:29  Supply Depot  
  33  3:33  SCV  
  34  3:34  SCV  
  34  3:37  Marine  
  34  3:39  Marine  
  37  3:47  SCV  
  39  3:48  SCV  
  39  4:05  Factory Reactor  
  39  4:09  Starport, Supply Depot  
  39  4:10  Barracks Reactor x2  
  39  4:11  Marine  
  39  4:13  SCV  
  39  4:14  SCV  
  42  4:26  SCV  
  42  4:28  SCV  
  42  4:30  Marine  
  45  4:36  Engineering Bay  
  45  4:38  SCV  
  45  4:40  SCV  
  47  4:50  Marine x2  
  47  4:51  Marine x2  
  47  4:52  Marauder  
  53  4:58  Medivac x2  
  57  5:05  Supply Depot  
  57  5:07  Engineering Bay  
  57  5:08  Terran Infantry Weapons Level 1  
  57  5:10  SCV  
  57  5:11  SCV  
  59  5:15  Refinery  
  59  5:17  Refinery  
  59  5:23  Combat Shields, SCV  
  60  5:35  Barracks x2  
  60  5:45  Marauder, Marine x2  
  60  5:46  Marine x2  
  60  5:48  Terran Infantry Armor Level 1  
  66  5:51  Armory  
  66  5:55  Supply Depot  
  66  6:15  Marine  
  66  6:16  Marauder, Marine  
  65  6:24  Supply Depot  
  51  6:27  SCV  
  51  6:29  Medivac x2  
  56  6:39  SCV  
  57  6:41  SCV  
  58  6:48  Barracks Tech Lab  
  58  6:50  Barracks Tech Lab  
  58  6:51  SCV  
  59  6:57  Marauder, Marine x2  
  59  6:58  Marine x2  
  59  6:59  Barracks  
  65  7:03  SCV  
  65  7:05  Supply Depot  
  65  7:07  Terran Infantry Weapons Level 2  
  66  7:11  Supply Depot  
  66  7:12  Concussive Shells  
  66  7:16  Medivac x2  
  70  7:35  Orbital Command  
  70  7:38  Orbital Command, Command Center  
  70  7:47  Supply Depot x2  
  70  7:55  Starport  
  70  7:57  Terran Ship Weapons Level 1  
  70  8:08  Marauder x2  
  70  8:09  Marauder  
  70  8:10  Barracks Tech Lab  
  76  8:13  Marine x2  
  76  8:14  Marine x2  
  76  8:18  Medivac  
  82  8:21  Medivac  
  84  8:32  Terran Infantry Armor Level 2  
  84  8:35  Supply Depot  
  84  8:37  Supply Depot  
  84  8:39  Starport Reactor  
  84  9:03  SCV  
  84  9:04  SCV  
  86  9:15  SCV  
  86  9:16  SCV  
  88  9:21  Marauder x3  
  88  9:22  Marauder  
  88  9:23  Marine x2  
  88  9:24  Marine x2  
  99  9:27  SCV  
  99  9:28  SCV  
  99  9:29  Terran Infantry Weapons Level 3  
  102  9:34  SCV  
  103  9:39  SCV  
  103  9:40  SCV  
  105  9:46  SCV  
  105  9:47  Refinery  
  105  9:49  Refinery  
  105  9:52  Terran Ship Weapons Level 2  
  106  9:59  Marauder x2  
  114  10:00  Marauder x2  
  114  10:03  Marine x4  
  118  10:09  Supply Depot  
  118  10:11  Supply Depot  
  122  10:28  Marauder x2  
  122  10:29  Marauder x2, Marine x3  
  122  10:30  Marine  
  122  10:32  Medivac x2  
  134  10:44  Medivac x2  
  138  11:36  Marauder x2  
  138  11:37  Marauder x2, Marine x3  
  138  11:38  Marine  
  150  11:57  Command Center  
  150  11:59  Marauder  
  150  12:00  Marauder x3, Marine x4  
  140  12:32  Marauder x4, Marine x4  
  112  12:52  Viking x4  
  112  12:53  Marauder x3  
  112  12:54  Marauder  
  102  13:22  Viking x4  
  110  13:32  Marauder x2  
  110  13:33  Marauder x2, Marine x4  
  122  13:52  Viking x4  
  130  14:06  Marauder x4, Marine x2  
  130  14:07  Marine x2  
  142  14:22  Viking x4  
  150  14:24  Marine x4  
  150  14:27  Marauder x3  
  150  14:28  Marauder  
  162  14:52  Viking x2  
  126  14:57  Marauder x4, Marine  
  126  14:58  Marine x3  
  126  15:15  Marine  
  115  15:39  Marauder x4, Marine  
  115  15:40  Marine x3  
  102  15:59  Marine  
  102  16:00  Marauder x2, Marine x3  
  102  16:01  Marauder x2  
Show
View Real Time Build Order
Export as new Build Order

purpletaco Protoss 

Build Orders:  

Get SALT Encoding   

  12  0:05  Probe (Chrono Boost)  
  13  0:16  Probe (Chrono Boost)  
  13  0:21  Pylon  
  14  0:25  Assimilator  
  14  0:29  Probe (Chrono Boost)  
  15  0:40  Probe (Chrono Boost)  
  16  0:46  Assimilator  
  16  0:53  Gateway  
  16  0:59  Probe (Chrono Boost)  
  17  1:10  Probe (Chrono Boost)  
  18  1:20  Probe (Chrono Boost)  
  18  1:21  Forge  
  19  1:31  Probe (Chrono Boost)  
  20  1:41  Probe (Chrono Boost)  
  20  1:46  Cybernetics Core  
  21  1:52  Probe (Chrono Boost)  
  22  2:06  Pylon  
  22  2:10  Probe (Chrono Boost), Pylon  
  23  2:42  Stargate  
  23  2:46  Stargate  
  23  2:51  Photon Cannon  
  23  2:56  Photon Cannon  
  23  3:14  Pylon  
  23  3:36  Void Ray x2 (Chrono Boost)  
  23  3:39  Pylon  
  31  4:19  Void Ray (Chrono Boost)  
  39  4:24  Void Ray (Chrono Boost)  
  39  4:56  Void Ray (Chrono Boost), Pylon  
  39  4:59  Stargate  
  43  5:14  Protoss Air Weapons Level 1  
  43  5:24  Nexus  
  43  5:28  Assimilator  
  43  5:29  Probe  
  43  5:35  Assimilator  
  44  5:41  Probe  
  45  5:49  Pylon  
  45  5:53  Probe  
  45  5:56  Pylon  
  46  6:25  Void Ray (Chrono Boost)  
  54  6:27  Void Ray (Chrono Boost)  
  54  6:34  Photon Cannon  
  54  6:37  Probe  
  55  6:49  Probe  
  56  7:01  Probe  
  57  7:03  Void Ray (Chrono Boost)  
  57  7:06  Void Ray (Chrono Boost)  
  61  7:50  Probe  
  62  8:02  Probe  
  63  8:13  Protoss Air Armor Level 1  
  63  8:14  Probe, Protoss Shields Level 1  
  64  8:21  Fleet Beacon  
  64  8:26  Probe  
  65  8:33  Stargate  
  65  8:38  Probe  
  66  8:55  Nexus  
  66  8:59  Assimilator  
  66  9:02  Probe  
  67  9:03  Assimilator  
  67  9:08  Probe  
  68  9:14  Probe  
  69  9:20  Probe  
  69  9:22  Carrier x2 (Chrono Boost)  
  82  9:26  Probe  
  82  9:28  Pylon  
  82  9:30  Pylon  
  83  9:31  Pylon  
  83  9:32  Probe  
  83  9:34  Pylon  
  84  9:38  Probe  
  85  9:50  Probe  
  92  9:59  Carrier (Chrono Boost)  
  98  10:10  Probe  
  99  10:19  Carrier (Chrono Boost)  
  99  10:22  Probe  
  99  10:23  Protoss Air Weapons Level 2  
  100  10:35  Probe  
  107  10:36  Carrier (Chrono Boost)  
  99  11:09  Carrier (Chrono Boost), Mothership Core  
  125  11:48  Carrier (Chrono Boost)  
  125  11:54  Carrier (Chrono Boost)  
  131  12:08  Carrier (Chrono Boost)  
  131  12:14  Pylon  
  131  12:16  Pylon  
  131  12:18  Pylon  
  131  12:20  Pylon  
  131  12:24  Pylon  
  131  12:33  Carrier (Chrono Boost)  
  149  13:13  Carrier (Chrono Boost)  
  149  13:20  Carrier (Chrono Boost)  
  149  13:23  Carrier (Chrono Boost)  
  155  13:48  Carrier (Chrono Boost)  
  110  14:39  Carrier (Chrono Boost)  
  110  14:44  Carrier (Chrono Boost)  
  92  14:56  Carrier (Chrono Boost)  
Show
View Real Time Build Order
Export as new Build Order

TheChosenTwo Zerg 

Build Orders: Pool First 

Get SALT Encoding   

  12  0:18  Drone x2  
  12  0:19  Overlord  
  14  0:39  Spawning Pool  
  13  0:58  Drone x2  
  13  0:59  Drone  
  16  1:05  Extractor  
  15  1:27  Overlord x2  
  15  1:37  Queen  
  17  1:51  Zergling x4  
  19  2:11  Spine Crawler  
  19  2:12  Zergling x4  
  20  2:28  Zergling x4  
  22  2:40  Lair  
  22  2:51  Zergling x2  
  22  2:52  Zergling x6  
  26  3:25  Drone x3  
  28  4:25  Zergling x6  
  31  4:35  Hydralisk Den  
  30  5:41  Drone x2  
  30  5:42  Drone  
  33  5:43  Hydralisk x2  
  33  5:45  Overlord  
  33  5:46  Overlord x2  
  37  6:33  Hatchery  
  36  6:53  Extractor  
  35  7:18  Hydralisk x3  
  41  7:57  Hydralisk x5  
  41  7:58  Hydralisk  
  53  8:05  Spore Crawler  
  52  8:08  Spore Crawler  
  52  8:10  Drone  
  52  8:29  Drone x3  
  55  8:50  Spore Crawler  
  55  8:54  Drone  
  55  8:55  Drone x2  
  57  9:04  Hydralisk x3  
  63  9:22  Extractor  
  63  9:23  Drone x3  
  65  9:34  Hydralisk  
  65  9:37  Overlord  
  67  10:32  Spore Crawler  
  31  11:00  Drone  
  31  11:01  Drone x2  
  34  11:12  Hydralisk x5  
  34  11:13  Hydralisk  
  46  11:38  Spore Crawler  
  45  11:40  Drone  
  45  11:41  Drone x2  
  48  11:58  Hydralisk x3  
  32  13:15  Hydralisk x3  
  34  13:22  Hydralisk x2  
  34  13:23  Hydralisk  
  40  13:57  Hydralisk x6  
  52  14:06  Hydralisk  
  52  14:07  Hydralisk x2  
  28  14:55  Hydralisk x2  
  28  14:56  Hydralisk  
  34  15:08  Nydus Network  
  33  15:15  Zergling x4  
  33  15:16  Zergling x2  
  36  15:27  Spine Crawler  
  35  15:29  Zergling x4  
  35  15:31  Spine Crawler  
  36  15:45  Spine Crawler  
  36  15:49  Spine Crawler  
  34  16:06  Zergling x2  
  34  16:07  Zergling x10  
  40  16:17  Spine Crawler  
  39  16:19  Spine Crawler  
  39  16:23  Spine Crawler  
Tags
 
Add a new tag
Caveats
  • Supply blocks, unpowered buildings, or Contaminate may cause inaccurate times.
  • Supply counts are checked every 10 seconds.